 Dungeon Crawl Stone Soup version 0.14-a0-2052-gb76ddfe (webtiles) character file.

364 Herrn the Skirmisher (level 6, 0/51 HPs)
             Began as a Djinni Fighter on Jan 20, 2014.
             Succumbed to an orc wizard's poison
             ... on Level 4 of the Dungeon.
             The game lasted 00:08:17 (2749 turns).

Herrn the Skirmisher (Djinni Fighter)               Turns: 2749, Time: 00:08:18

HP   0/51        AC  9     Str 16      XL: 6   Next:  2%
MP   0/0         EV  4     Int  9      God:
Gold 92          SH 18     Dex 14      Spells:  0 memorised,  5 levels left

rFire  + + +     SeeInvis .     a - +0 falchion
rCold  x . .     Clarity  .     t - +0 chain mail
rNeg   + + +     Conserve .     c - +0 shield
rPois  .         rCorr    .     (no helmet)
rElec  .         rRot     .     (no cloak)
SustAb . .       Spirit   .     (no gloves)
rMut   .         Warding  .     (boots unavailable)
Saprov . . .     Stasis   .     (no amulet)
MR     .....                    (no ring)
                                (no ring)

@: flying, very poisoned, not resistant to hostile enchantments, extremely
unstealthy
A: fire immunity, cold vulnerability, life protection 3
a: no special abilities


You were on level 4 of the Dungeon.
You were not hungry.

You visited 1 branch of the dungeon, and saw 4 of its levels.

You collected 92 gold pieces.

Inventory:

Hand weapons
 a - a +0,+0 falchion (weapon)
Armour
 c - a +0 shield (worn)
 t - a +0 chain mail (worn)
Magical devices
 l - a wand of fireball (2)
 p - a wand of random effects (11)
 u - a wand of digging (14)
Scrolls
 b - a scroll of curse armour {unknown}
 e - a scroll of blinking {unknown}
 f - a scroll of fog {unknown}
 g - a scroll of immolation {unknown}
 h - a scroll of amnesia {unknown}
 k - a scroll of enchant weapon II {unknown}
 q - 2 scrolls of teleportation {unknown}
 s - a scroll of curse weapon {unknown}
 w - a scroll of remove curse {unknown}
 y - a scroll of identify {unknown}
 z - a scroll of fear {unknown}
Potions
 d - a potion of cure mutation {unknown}
 i - a potion of resistance {unknown}
 j - a potion of degeneration {unknown}
 m - a potion of invisibility {unknown}
 n - 4 potions of curing
 o - 2 potions of confusion {unknown}
 r - a potion of mutation {unknown}
 v - a potion of lignification {unknown}
 x - a potion of poison {unknown}


   Skills:
 * Level 5.0 Fighting
 + Level 4.2 Long Blades
 - Level 3.2 Armour
 - Level 3.0 Shields
 + Level 0.2 Evocations


You had 5 spell levels left.
You didn't know any spells.

Dungeon Overview and Level Annotations

Branches:
Dungeon (4/16)
 Temple: D:4-7

Altars:
Elyvilon


Innate Abilities, Weirdness & Mutations

You are immune to all types of fire, even holy and hellish.
You are vulnerable to cold.
You need no food.
You have no legs.
You are immune to negative energy.


Message History

* * * LOW HITPOINT WARNING * * *
You feel very sick.
* * * LOW HITPOINT WARNING * * *
You feel sick.
Things that are here:
an orcish dagger of venom; an orcish robe; an orc corpse
* * * LOW HITPOINT WARNING * * *
You feel very sick.
* * * LOW HITPOINT WARNING * * *
You feel very sick.
You feel yourself speed up.
* * * LOW HITPOINT WARNING * * *
You feel very sick.
Items here: %%% )) [
* * * LOW HITPOINT WARNING * * *
You feel very sick.
You feel a little better.
* * * LOW HITPOINT WARNING * * *
You feel sick.
You die...

## ..# #........# #.#
######+### ##.##### ..
#......# #.# # #......# ..
# #......# ##.###### #
#......### #........
#######........###.........
#...........>#..@).....<...
'.#####......#####.........
### #......# #)........ #
#......# #......... #
#......# #........ #
#......# ######.## #
####..## .# #.##


There were no monsters in sight!

Vanquished Creatures
  An orc wizard (D:4)
  A worker ant (D:4)
  Terence (D:2)
  3 gnolls (D:3)
  8 adders
  An adder skeleton (D:4)
  2 giant geckos
  8 orcs
  15 bats
  3 giant cockroaches
  6 goblins
  7 hobgoblins
  4 jackals
  13 kobolds
  4 quokkas
  A ball python (D:1)
  3 giant newts
  8 rats
89 creatures vanquished.

Notes
Turn   | Place    | Note
--------------------------------------------------------------
     0 | D:1      | Herrn, the Djinni Fighter, began the quest for the Orb.
     0 | D:1      | Reached XP level 1. HP: 16/16 MP: 0/0
   206 | D:1      | Reached XP level 2. EP: 23/23
   693 | D:2      | Noticed Terence
   708 | D:2      | Killed Terence
   708 | D:2      | Reached XP level 3. EP: 21/30
   932 | D:2      | Reached skill level 4 in Fighting
  1000 | D:2      | Reached XP level 4. EP: 27/37
  1875 | D:3      | Reached XP level 5. EP: 18/43
  2198 | D:3      | Found a white marble altar of Elyvilon.
  2581 | D:4      | Reached skill level 5 in Fighting
  2742 | D:4      | Reached XP level 6. EP: 15/51
  2747 | D:4      | HP: 1/51 [poisoned by an orc wizard]
  2749 | D:4      | Succumbed to an orc wizard's poison

Action                   |  1- 3 |  4- 6 || total
-------------------------+-------+-------++-------
Melee: Falchion          |   158 |   233 ||   391
Evoke: Wand              |       |     3 ||     3
  Use: Potion            |       |     1 ||     1
